 Dungeon Crawl Stone Soup version 0.31-a0-536-ga3e2962e35 (webtiles) character file.

Game seed: 18178439801240355289

1379 Ethylacetat the Sneak (level 8, 0/50 HPs)
             Began as an Octopode Gladiator on Aug 12, 2023.
             Was an Initiate of Gozag.
             Killed by divine providence
             ... invoked by an orc priest
              (12 damage)
             ... on level 5 of the Dungeon.
             The game lasted 00:11:51 (5870 turns).

Ethylacetat the Sneak (Octopode Gladiator)          Turns: 5870, Time: 00:11:52

Health: 0/50       AC:  1    Str: 14    XL:     8   Next: 66%
Magic:  8/8        EV: 15    Int: 10    God:    Gozag
Gold:   711        SH:  0    Dex: 15    Spells: 7/7 levels left

rFire   + . .        a - +0 long sword
rCold   + . .        (no shield)
rNeg    + . .        b - +0 hat
rPois   .            (no amulet)
rElec   .            n - ring of positive energy
rCorr   .            y - ring of protection from cold
SInv    .            (no ring)
Will    .....        (no ring)
Stlth   +++++        (no ring)
HPRegen 0.28/turn    (no ring)
MPRegen 0.11/turn    (no ring)
                     (no ring)

%: no passive effects
@: no status effects
A: almost no armour, amphibious, 8 rings, camouflage 1, gelatinous body 1,
(nimble swimmer 1), tentacles, fire resistance 1, frail 1, sense surroundings 1,
MP-powered wands
a: Renounce Religion, Potion Petition, Call Merchant, Bribe Branch


You were on level 5 of the Dungeon.
You worshipped Gozag.
Gozag was pleased with you.
You visited 1 branch of the dungeon, and saw 5 of its levels.
You also visited: Sewer.

You collected 711 gold pieces.

Inventory:

Hand Weapons
 a - a +0 long sword (weapon)
Missiles
 c - 2 throwing nets
 d - a javelin
 p - 7 poisoned darts (quivered)
Armour
 b - a +0 hat (worn)
Jewellery
 n - a ring of positive energy (left tentacle)
 u - a ring of poison resistance
 y - a ring of protection from cold (right tentacle)
 A - a ring of positive energy
Scrolls
 e - 3 scrolls of revelation {unknown}
 f - a scroll of poison {unknown}
 g - 4 scrolls of teleportation {unknown}
 i - a scroll of amnesia {unknown}
 j - 3 scrolls of identify {unknown}
 m - a scroll of torment {unknown}
 q - a scroll of butterflies {unknown}
 s - a scroll of noise {unknown}
 v - a scroll of fear {unknown}
 w - a scroll of enchant weapon {unknown}
Potions
 h - a potion of brilliance {unknown}
 k - a potion of cancellation {unknown}
 l - a potion of degeneration {unknown}
 o - a potion of invisibility {unknown}
 r - a potion of lignification
 t - 2 potions of attraction
 x - a potion of curing {unknown}


   Skills:
 + Level 5.5 Fighting
 + Level 5.9 Long Blades
 - Level 2.0 Throwing
 + Level 5.9 Dodging
 + Level 7.1 Stealth


You had 7 spell levels left.
You didn't know any spells.
Your spell library contained the following spells:

 Spells                   Type           Power      Damage    Failure   Level
 Gell's Gravitas          Tloc           0%         N/A       75%         3
 Teleport Other           Tloc           0%         N/A       75%         3
 Dispersal                Tloc           0%         N/A       100%        6


Dungeon Overview and Level Annotations

Branches:
Dungeon (5/15)             Temple (0/1) D:4           Sewer (visited)

Altars:
Gozag
Ru

Annotations:
D:5 Dowan


Innate Abilities, Weirdness & Mutations

You cannot wear most types of armour.
You are amphibious.
You can wear up to eight rings at the same time.
Your skin changes colour to match your surroundings (Stealth+).
Your rubbery body absorbs attacks. (AC +1, EV +1)
((You are camouflaged when in or above water. (Stealth+)))
You have tentacles for arms and can constrict up to eight enemies at once.
Your flesh is heat resistant. (rF+)
You are frail. (-10% HP)
You passively map a small area around you.
You expend magic power (3 MP) to strengthen your wands.


Message History

Duvessa is severely wounded.
You constrict Duvessa. Duvessa hits you with a +0 rapier!
An orc priest comes into view. It is wielding a +0 mace.
The orc is distracted by your dazzling golden aura.
The orc shouts!
You hit Duvessa. You squeeze Duvessa!
Duvessa is almost dead.
You constrict Duvessa.
The orc is no longer distracted by gold.
Duvessa says, "Beauty is only skin deep, and my weapons penetrate much further than that."
Duvessa hits you with a +0 rapier!
* * * LOW HITPOINT WARNING * * *
You hit Duvessa. You squeeze Duvessa.
You kill Duvessa!
Dowan screams, "No!
No!"
Dowan seems to find hidden reserves of power!
Dowan casts a spell.
Dowan blinks!
The orc barely misses you.
Your Stealth skill increases to level 7!
You hit the orc but do no damage. Your grab misses the orc.
You squeeze the orc, but do no damage. The orc closely misses you.
The orc attacks as you move away! The orc barely misses you.
The orc attacks as you move away! The orc hits you with a +0 mace.
* * * LOW HITPOINT WARNING * * *
The hound is distracted by your dazzling golden aura.
The orc attacks as you move away! The orc hits you with a +0 mace.
* * * LOW HITPOINT WARNING * * *
The orc is distracted by your dazzling golden aura.
Okay, then.
The hound is distracted by your dazzling golden aura.
An orc priest comes into view. It is wielding a +0 mace.
The hound is no longer distracted by gold.
The hound barks!
The hound misses you.
There is a stone staircase leading up here.
The hound closely misses you.
The orc priest invokes the aid of Beogh against you.
Beogh smites you!
You die...
Your body crumbles into a pile of gold.

o.#.# , * ##.## ...., , ... .*
#...# ... , ,.. #. #.##.##. #...#
..#** *#.###.##......,* #...# ..#
#.#.......#.### #...# #
..#######.#.#.##......# #...# #
..##........#.........####...####
............##.#..#...........^..
#.##........##.h@.#.)............
#.##..?...o.......##.............
..##.......###........#.........#
####.####### ###......#.........#
####.# ##.#####.<.......# .....#
#.# #.........# ###### #.#
#..)......# ############
##.#####)........# ...........#
#.......<).......#


You could see a hound and an orc priest.

Vanquished Creatures
  Grinder (D:3)
  Eustachio (D:4)
  Duvessa (D:5)
  Pargi (Sewer)
  An ice beast (D:5)
  A phantom (D:4)
  2 scorpions (D:5)
  A howler monkey (D:5)
  A sleepcap (D:4)
  4 hounds (D:5)
  Jessica (D:3)
  An iguana (D:5)
  Natasha (thrice) (D:2)
  An orc wizard (D:4)
  5 gnolls (D:5)
  A river rat (D:3)
  9 adders
  A worm (D:2)
  4 dart slugs
  4 orcs (D:4)
  2 bats (D:2)
  9 endoplasms
  6 giant cockroaches
  8 goblins
  6 hobgoblins
  3 jackals (D:2)
  12 kobolds
  5 quokkas
  3 ball pythons
  8 frilled lizards
  6 rats
112 creatures vanquished.

Notes
Turn   | Place    | Note
-------+----------+-------------------------------------------
     0 | D:1      | Ethylacetat the Octopode Gladiator began the quest for the
                  | Orb.
     0 | D:1      | Reached XP level 1. HP: 14/14 MP: 1/1
   145 | D:1      | Reached skill level 1 in Stealth
   145 | D:1      | Reached XP level 2. HP: 19/19 MP: 2/2
   627 | D:2      | Found a sacrificial altar of Ru.
   712 | D:2      | Reached XP level 3. HP: 18/25 MP: 3/3
   787 | D:2      | Noticed Natasha
   794 | D:2      | Killed Natasha
   795 | D:2      | Reached skill level 2 in Stealth
   797 | D:2      | Reached XP level 4. HP: 6/30 MP: 4/4
  1276 | D:2      | Noticed Natasha
  1286 | D:2      | Killed Natasha
  1320 | D:2      | Reached skill level 3 in Stealth
  1320 | D:2      | Reached XP level 5. HP: 24/36 MP: 5/5
  1357 | D:2      | Noticed Natasha
  1366 | D:2      | Killed Natasha
  1547 | D:2      | Found a faded altar of an unknown god.
  1631 | D:2      | Prayed at the altar of an unknown god.
  1631 | D:2      | Became a worshipper of Gozag Ym Sagoz the Greedy
  1894 | D:3      | Found a glowing drain.
  1898 | Sewer    | Entered a sewer
  2090 | Sewer    | Noticed Pargi
  3157 | Sewer    | Killed Pargi
  3158 | Sewer    | Reached skill level 4 in Stealth
  3158 | Sewer    | Reached XP level 6. HP: 13/42 MP: 6/6
  3351 | D:3      | Noticed Grinder
  3354 | D:3      | Paralysed by Grinder for 3 turns
  3359 | D:3      | Killed Grinder
  3360 | D:3      | Reached XP level 7. HP: 35/48 MP: 7/7
  3846 | D:3      | Noticed Jessica
  3850 | D:3      | Killed Jessica
  3851 | D:3      | Reached skill level 5 in Stealth
  4324 | D:4      | Reached skill level 5 in Dodging
  4393 | D:4      | Reached skill level 5 in Long Blades
  4409 | D:4      | Noticed Eustachio
  4423 | D:4      | Killed Eustachio
  4549 | D:4      | Found a staircase to the Ecumenical Temple.
  4851 | D:4      | Reached XP level 8. HP: 51/54 MP: 8/8
  4916 | D:5      | Entered Level 5 of the Dungeon
  4923 | D:5      | Reached skill level 6 in Stealth
  4977 | D:5      | Reached skill level 5 in Fighting
  5208 | D:5      | HP: 2/82 [gnoll/+0 spear (6)]
  5211 | D:5      | Gained mutation: You passively map a small area around you.
                  | [potion of mutation]
  5211 | D:5      | Gained mutation: You are frail. (-10% HP) [potion of
                  | mutation]
  5211 | D:5      | Gained mutation: You expend magic power (3 MP) to
                  | strengthen your wands. [potion of mutation]
  5211 | D:5      | Gained mutation: Your flesh is heat resistant. (rF+)
                  | [potion of mutation]
  5831 | D:5      | Noticed Dowan
  5834 | D:5      | Noticed Duvessa
  5846 | D:5      | Killed Duvessa
  5847 | D:5      | Reached skill level 7 in Stealth
  5870 | D:5      | Killed from afar by an orc priest

Illustrated notes

Levels and vault maps discovered:
D:1:      dpeg_arrival_simpleton_c, layout_rooms, serial_forest,
          infiniplex_forest_straight_2, infiniplex_forest_lined_4_way,
          infiniplex_forest_fountain, infiniplex_forest_straight_3,
          infiniplex_forest_3_way, infiniplex_forest_clump_medium,
          infiniplex_forest_clump_small, infiniplex_forest_end_1,
          infiniplex_forest_lined_2, infiniplex_forest_clump_medium
D:2:      layout_loops_corners, dreamdust_ecumenical_altar_hidden_monk_grotto,
          basic_altar, uniq_natasha
D:3:      layout_basic, gup_sewer_entry_bowl, uniq_jessica, uniq_grinder
D:4:      layout_basic, minmay_temple_entry_tees, uniq_eustachio
D:5:      layout_loops_cross, chequers_serial_rivers_micro_e,
          cheibrodos_gnoll_hut, uniq_duvessa

Skill      XL: |  1  2  3  4  5  6  7  8 |
---------------+-------------------------+-----
Stealth        | 1 2 3 4 5 7 |  7.1
Fighting       | 3 4 5 |  5.5
Dodging        | 4 5 |  5.9
Long Blades    | 4 5 |  5.9
Throwing       | |  2.0

Action                     |  1- 3 |  4- 6 |  7- 9 || total
---------------------------+-------+-------+-------++-------
  Melee: Long sword        |    40 |   138 |   131 ||   309
         Constrict         |    12 |    22 |    31 ||    65
         Tentacles         |     8 |    30 |    33 ||    71
         Punch             |       |     3 |     3 ||     6
  Throw: Dart              |       |    32 |     7 ||    39
         Throwing net      |       |     6 |       ||     6
    Use: Potion            |       |       |     4 ||     4
   Stab: Sleeping          |     4 |    15 |    16 ||    35
         Distracted        |       |     1 |     1 ||     2
 Armour: Skin              |     1 |    15 |    62 ||    78
  Dodge: Dodged            |    27 |   159 |    67 ||   253

Table legend: (Time is in decaauts)
 A = Elapsed time spent in this place.
 B = Non-inter-level travel time spent in this place.
 C = Inter-level travel time spent in this place.
 D = Time resting spent in this place.
 E = Time spent auto-exploring this place.
 F = Levels seen in this place.
 G = Mean time per level.
                   A        B        C        D        E       F      G
               +--------+--------+--------+--------+--------+-----+--------+
         Total |   5937 |   5800 |    137 |    777 |   3602 |   6 |  989.5 |
       Dungeon |   4548 |   4411 |    137 |    106 |   3345 |   5 |  909.6 |
         Sewer |   1388 |   1388 |      0 |    671 |    257 |   1 | 1388.0 |
               +--------+--------+--------+--------+--------+-----+--------+

Top non-repeatable levels by time:
   Sewer: 1388 daAuts
     D:2: 1130 daAuts
     D:4: 1050 daAuts
     D:3: 892 daAuts
     D:5: 885 daAuts
     D:1: 589 daAuts
